 Dungeon Crawl Stone Soup version 0.21.1-1-g345015f (webtiles) character file.

13649 xccam the Severer (level 11, -13/82 HPs)
             Began as a Minotaur Berserker on Feb 10, 2018.
             Was a High Priest of Trog.
             Killed from afar by an ice statue (19 damage)
             ... with a freezing blast
             ... in an ice cave.
             The game lasted 00:26:10 (8826 turns).

xccam the Severer (Minotaur Berserker)              Turns: 8826, Time: 00:26:11

Health: -13/82     AC: 28    Str: 24    XL:     11   Next: 78%
Magic:  0/10       EV:  8    Int:  7    God:    Trog [*****.]
Gold:   612        SH:  0    Dex: 10    Spells: 10/10 levels left

rFire    . . .     SeeInvis .   J - +11 triple sword "Minotaur's Death" {freeze, rN+ Int+2}
rCold    . . .     Gourm    .   (shield currently unavailable)
rNeg     + . .     Faith    .   q - +0 plate armour
rPois    +         Spirit   +   (helmet restricted)
rElec    .         Reflect  .   E - +1 cloak
rCorr    .         Harm     .   e - +2 pair of gloves
MR       ++...                  h - +1 pair of boots
Stlth    ..........             H - amulet of guardian spirit
HPRegen  1.23/turn              y - +4 ring of protection
MPRegen  0.12/turn              o - ring of poison resistance

@: regenerating
A: retaliatory headbutt, horns 2
a: Berserk, Trog's Hand, Brothers in Arms, Burn Spellbooks, Renounce Religion


You were in an ice cave.
You worshipped Trog.
Trog was extremely pleased with you.
You were not hungry.

You visited 1 branch of the dungeon, and saw 11 of its levels.
You also visited: Ice Cave.

You collected 612 gold pieces.

Inventory:

Hand Weapons
 D - a +0 war axe
 F - a +0 battleaxe
 J - the +11 triple sword "Minotaur's Death" (weapon) {freeze, rN+ Int+2}
   (Trog gifted it to you on level 11 of the Dungeon)

   It has been specially enchanted to freeze those struck by it, causing extra
   injury to most foes and up to half again as much damage against particularly
   susceptible opponents.
   It can also slow down cold-blooded creatures.
   It affects your intelligence (+2).
   It protects you from negative energy.
Armour
 d - a +0 scale mail
 e - a +2 pair of gloves (worn)
 h - a +1 pair of boots (worn)
 q - a +0 plate armour (worn)
 E - a +1 cloak (worn)
Jewellery
 g - an uncursed ring of stealth
 n - an uncursed amulet of magic regeneration
 o - a ring of poison resistance (right hand)
 p - an uncursed ring of resist corrosion
 w - a +4 ring of dexterity
 y - a +4 ring of protection (left hand)
 H - an amulet of guardian spirit (around neck)
 I - an uncursed ring of flight
Wands
 l - a wand of digging (17)
 m - a wand of flame (42)
 t - a wand of random effects (58)
 x - a wand of acid (7)
 A - a wand of disintegration (15)
Scrolls
 f - 10 scrolls of teleportation
 i - 17 scrolls of identify
 j - a scroll of fear
 r - a scroll of remove curse
 s - a scroll of magic mapping
 C - a scroll of enchant armour
 G - a scroll of enchant weapon
Potions
 a - a potion of haste
 b - 4 potions of curing
 k - a potion of magic
 u - a potion of ambrosia
 v - 2 potions of brilliance
 z - 2 potions of might
 B - a potion of berserk rage
Comestibles
 c - 17 rations
 K - 4 chunks of flesh


   Skills:
 - Level 3.6 Fighting
 * Level 3.5 Long Blades
 - Level 16.7 Axes
 - Level 13.2 Armour
 - Level 2.1 Dodging
 + Level 2.7 Stealth
 + Level 1.0 Evocations


You had 10 spell levels left.
You didn't know any spells.

Dungeon Overview and Level Annotations

Branches:
Dungeon (11/15)            Temple (0/1) D:4            Lair (0/6) D:10
    Orc (0/2) D:11

Altars:
Kikubaaqudgha
Okawaru
Ru
Sif Muna
Uskayaw
Xom
The Shining One

Shops:
D:6 *

Annotations:
IceCv exclusion: ice statue


Innate Abilities, Weirdness & Mutations

You reflexively headbutt those who attack you in melee.
You have a pair of horns on your head.


Message History

You hit the ice statue.
You headbutt the ice statue, but do no damage.
The ice statue is moderately damaged.
The ice beast hits you but does no damage.
The ice statue gestures at you. The bolt of cold hits you!
* * * LOW HITPOINT WARNING * * *
The ice beast hits you but does no damage.
You slash the ice statue!
The ice statue is heavily damaged.
The ice beast hits you but does no damage. x2
You slash the ice statue!
The ice statue is severely damaged.
The ice statue gestures at you. The bolt of cold hits you!
* * * LOW HITPOINT WARNING * * *
The ice beast hits you but does no damage.
The ice statue gestures at you. The freezing blast engulfs you!
You die...

##### ## ###.÷.## .
## ##......# .#:
##...##..# ###.#
###...##...#
#...####...####..##
#@8.##...####...#
##Y..##..# #....#
#..###..####..∩#
#..####..##∩..##
##..#.....#####
###...#.## #######


You could see an ice statue and an ice beast.

Vanquished Creatures
  4 two-headed ogres
  An unseen horror (D:10)
  An ugly thing (D:11)
  Psyche (D:10)
  The ghost of inmateoo the Chiller, a novice DgIE (D:6)
  A gargoyle (D:11)
  2 polar bears (IceCv)
  A hornet (D:9)
  3 hippogriffs
  2 vampires
  A spriggan (D:8)
  8 yaks
  Sigmund (D:2)
  A wraith (D:10)
  A wyvern (D:10)
  A soldier ant (D:6)
  A water moccasin (D:10)
  An acid dragon (D:10)
  Duvessa (D:5)
  2 porcupines (D:10)
  4 orc warriors
  3 sky beasts
  5 ice beasts
  2 black bears
  7 ogres
  4 wolves (IceCv)
  4 centaurs
  A big kobold (D:10)
  A crocodile (D:9)
  4 bullfrogs
  Dowan (D:5)
  3 scorpions
  12 killer bees
  3 howler monkeys
  4 crimson imps
  2 bullfrog zombies
  4 hounds
  3 jellies
  10 orc wizards
  3 orc priests
  3 bullfrog skeletons
  Jessica (D:3)
  Natasha (thrice) (D:3)
  4 iguanas
  10 worker ants
  Terence (D:2)
  A hound skeleton (D:7)
  2 worker ant zombies
  10 gnolls
  6 adders
  A shadow imp (D:9)
  2 oozes
  An adder zombie (D:6)
  2 adder skeletons (D:4)
  2 worms
  5 dart slugs
  9 leopard geckos
  30 orcs
  2 ball pythons (D:5)
  10 giant cockroaches
  9 goblins
  11 hobgoblins
  3 jackals (D:1)
  4 quokkas
  3 bats
  A jackal zombie (D:8)
  7 kobolds
  A leopard gecko skeleton (D:6)
  4 quokka skeletons
  10 rats
  A butterfly (D:6)
  2 fungi (D:10)
276 creatures vanquished.

Vanquished Creatures (others)
  A giant cockroach (D:6)
  6 fungi (D:10)
7 creatures vanquished.

Grand Total: 283 creatures vanquished

Notes
Turn   | Place    | Note
-------+----------+-------------------------------------------
     0 | D:1      | xccam the Minotaur Berserker began the quest for the Orb.
     0 | D:1      | Reached XP level 1. HP: 19/19 MP: 0/0
   102 | D:1      | Reached skill level 4 in Axes
   102 | D:1      | Reached XP level 2. HP: 23/26 MP: 1/1
   496 | D:1      | Reached XP level 3. HP: 29/31 MP: 2/2
   553 | D:1      | Reached ** piety under Trog
   794 | D:2      | Noticed Terence
   805 | D:2      | Killed Terence
   805 | D:2      | Reached skill level 5 in Axes
   968 | D:2      | Reached XP level 4. HP: 26/39 MP: 3/3
  1297 | D:2      | Reached skill level 1 in Stealth
  1370 | D:2      | Noticed Sigmund
  1381 | D:2      | Killed Sigmund
  1381 | D:2      | Reached skill level 6 in Axes
  1381 | D:2      | Reached XP level 5. HP: 45/45 MP: 4/4
  1679 | D:3      | Reached XP level 6. HP: 51/51 MP: 5/5
  1797 | D:3      | Reached skill level 5 in Armour
  1819 | D:3      | Noticed Natasha
  1830 | D:3      | Killed Natasha
  1837 | D:3      | Noticed Natasha
  1841 | D:3      | Killed Natasha
  1841 | D:3      | Reached skill level 7 in Axes
  1875 | D:3      | Noticed Natasha
  1886 | D:3      | Killed Natasha
  1899 | D:3      | Noticed Jessica
  1910 | D:3      | Killed Jessica
  1910 | D:3      | Reached *** piety under Trog
  2000 | D:3      | Found a glowing golden altar of the Shining One.
  2194 | D:4      | Found a staircase to the Ecumenical Temple.
  2358 | D:4      | Reached XP level 7. HP: 52/57 MP: 6/6
  2587 | D:4      | Reached skill level 8 in Axes
  2626 | D:4      | You fall through a shaft!
  2626 | D:5      | Entered Level 5 of the Dungeon
  2626 | D:5      | Noticed a yak
  2640 | D:5      | Killed a yak
  2695 | D:5      | Reached skill level 9 in Axes
  2696 | D:5      | Reached XP level 8. HP: 64/64 MP: 7/7
  3135 | D:4      | Found a hide-covered altar of Uskayaw.
  3330 | D:5      | Noticed Duvessa
  3330 | D:5      | Noticed Dowan
  3342 | D:5      | Killed Duvessa
  3342 | D:5      | Reached skill level 10 in Axes
  3350 | D:5      | Killed Dowan
  3514 | D:6      | Found a runed door.
  3538 | D:6      | Found a runed door.
  3579 | D:6      | Reached skill level 11 in Axes
  3742 | D:6      | Noticed inmateoo's ghost (novice DgIE)
  3769 | D:6      | Killed inmateoo's ghost
  3769 | D:6      | Reached XP level 9. HP: 29/70 MP: 8/8
  4008 | D:6      | Reached skill level 12 in Axes
  4030 | D:6      | Found a shimmering altar of Xom.
  4042 | D:6      | Reached **** piety under Trog
  4083 | D:6      | Found Suplas's Assorted Antiques.
  5176 | D:8      | Reached skill level 13 in Axes
  5315 | D:8      | Reached skill level 10 in Armour
  5368 | D:8      | Noticed a two-headed ogre
  5385 | D:8      | Killed a two-headed ogre
  5385 | D:8      | Reached XP level 10. HP: 77/77 MP: 9/9
  5473 | D:8      | Reached skill level 14 in Axes
  5544 | D:8      | Found an ancient bone altar of Kikubaaqudgha.
  5923 | D:9      | Found an iron altar of Okawaru.
  5996 | D:9      | Noticed a two-headed ogre
  6005 | D:9      | Killed a two-headed ogre
  6012 | D:9      | Reached ***** piety under Trog
  6063 | D:9      | Reached skill level 1 in Evocations
  6171 | D:9      | Reached skill level 15 in Axes
  6204 | D:9      | Paralysed by a hornet for 1 turns
  6629 | D:9      | Found a deep blue altar of Sif Muna.
  6868 | D:10     | Entered Level 10 of the Dungeon
  6884 | D:9      | Reached XP level 11. HP: 46/82 MP: 10/10
  7109 | D:10     | Killed an unseen horror
  7495 | D:10     | Noticed a two-headed ogre
  7504 | D:10     | Killed a two-headed ogre
  7623 | D:10     | Reached skill level 16 in Axes
  7641 | D:10     | Noticed Psyche
  7651 | D:10     | Killed Psyche
  7746 | D:10     | Found a sacrificial altar of Ru.
  7999 | D:10     | Found a staircase to the Lair.
  8364 | D:11     | Noticed a red ugly thing
  8365 | D:11     | Noticed a two-headed ogre
  8378 | D:11     | Killed a two-headed ogre
  8382 | D:11     | Killed a red ugly thing
  8382 | D:11     | Received a gift from Trog
  8385 | D:11     | Got a pitted triple sword {god gift}
  8386 | D:11     | Identified the +11 triple sword "Minotaur's Death" {freeze, rN+ Int+2} (Trog gifted it to you on level 11 of the Dungeon)
  8413 | D:11     | Found a frozen archway.
  8416 | D:11     | Found a staircase to the Orcish Mines.
  8611 | IceCv    | Entered an ice cave
  8668 | IceCv    | Reached skill level 1 in Long Blades
  8826 | IceCv    | Killed from afar by an ice statue

Skill      XL: |  1  2  3  4  5  6  7  8  9 10 11 |
---------------+----------------------------------+-----
Axes           | 4 5 6 7 9 11 13 15 16 | 16.7
Armour         | 3 4 5 6 8 10 11 13 | 13.2
Stealth        | 1 2 |  2.7
Evocations     | 1 |  1.0
Long Blades    | 3 |  3.5
Fighting       | |  3.6
Dodging        | |  2.1

Action                   |  1- 3 |  4- 6 |  7- 9 | 10-12 || total
-------------------------+-------+-------+-------+-------++-------
Melee: Hand axe          |    69 |   128 |   365 |   200 ||   762
       Headbutt          |    10 |    18 |    68 |    89 ||   185
       War axe           |       |       |       |   156 ||   156
       Battleaxe         |       |       |       |    35 ||    35
       Triple sword      |       |       |       |    21 ||    21
Invok: Berserk           |     2 |     1 |     5 |     2 ||    10
       Trog's Hand       |     1 |     2 |     5 |     4 ||    12
       Burn Spellbooks   |       |       |     1 |     3 ||     4
Evoke: Wand              |       |       |     5 |       ||     5
  Use: Scroll            |     9 |     4 |     1 |     3 ||    17
       Potion            |     3 |     4 |     3 |     1 ||    11
 Stab: Sleeping          |     3 |     3 |       |       ||     6
  Eat: Chunk             |     1 |     7 |    16 |    12 ||    36
       Ration            |       |       |       |     1 ||     1
Armor: Ring mail         |    14 |       |       |       ||    14
       Scale mail        |    10 |    36 |    25 |       ||    71
       Plate armour      |       |       |   187 |   328 ||   515
Dodge: Dodged            |    42 |    32 |   123 |   154 ||   351
       Rpst.: Triple sword |       |       |       |     7 ||     7
